 Dungeon Crawl Stone Soup version 0.29-a0-620-g13ace881f2 (webtiles) character file.

Game seed: 1621643382820073717

1026 Conn the Magician (level 8, -2/46 HPs)
             Began as an Octopode Fire Elementalist on June 18, 2022.
             Killed by divine providence
             ... invoked by an orc priest
              (9 damage)
             ... on level 5 of the Dungeon.
             The game lasted 00:12:15 (6127 turns).

Conn the Magician (Octopode Fire Elementalist)      Turns: 6127, Time: 00:12:19

Health: -2/46      AC:  1    Str:  7    XL:     8   Next: 23%
Magic:  14/16      EV: 13    Int: 23    God:
Gold:   221        SH:  0    Dex: 13    Spells: 5/18 levels left

rFire   . . .      SeeInvis .   b - +6 broad axe "Okyrghok" {venom, Int+4}
rCold   + . .      Faith    .   (no shield)
rNeg    + . .      Spirit   .   (helmet restricted)
rPois   .          Reflect  .   (no amulet)
rElec   +          Harm     .   i - ring of positive energy
rCorr   .          Rampage  .   n - ring of protection from cold
Will    .....                   (no ring)
Stlth   ++++......              (no ring)
HPRegen 0.15/turn               (no ring)
MPRegen 0.15/turn               (no ring)
                                (no ring)
                                (no ring)

@: no status effects
A: almost no armour, amphibious, 8 rings, camouflage 1, gelatinous body 1,
(nimble swimmer 1), tentacles, electricity resistance, wild magic 1
a: no special abilities


You were on level 5 of the Dungeon.
You visited 1 branch of the dungeon, and saw 5 of its levels.

You collected 221 gold pieces.

Inventory:

Hand Weapons
 a - a +2 dagger of protection
 b - the +6 broad axe "Okyrghok" (weapon) {venom, Int+4}
   (You found it on level 5 of the Dungeon)

   It poisons the flesh of those it strikes.
   Int:       It affects your intelligence (+4).
 c - a +0 dagger
 r - a +0 rapier
Jewellery
 i - a ring of positive energy (left tentacle)
 n - a ring of protection from cold (right tentacle)
Wands
 o - a wand of flame (36)
Scrolls
 e - 2 scrolls of teleportation
 f - 8 scrolls of identify {unknown}
 j - a scroll of noise {unknown}
 k - a scroll of blinking {unknown}
 m - a scroll of torment {unknown}
 q - a scroll of fog {unknown}
 w - a scroll of magic mapping {unknown}
Potions
 d - a potion of berserk rage {unknown}
 g - a potion of attraction
 l - a potion of cancellation
 p - 2 potions of mutation
 s - a potion of magic
 t - a potion of haste {unknown}
 u - 2 potions of lignification {unknown}
 v - a potion of invisibility {unknown}


   Skills:
 + Level 0.2 Fighting
 + Level 1.4 Short Blades
 + Level 2.2 Dodging
 + Level 5.0 Stealth
 * Level 5.7 Spellcasting
 * Level 4.1 Conjurations
 + Level 5.3 Fire Magic


You had 5 spell levels left.
You knew the following spells:

 Your Spells              Type           Power      Damage    Failure   Level
a - Foxfire               Conj/Fire      100%       2x1d9     2%          1
b - Conjure Flame         Conj/Fire      37%        6-21      6%          3
c - Inner Flame           Hex/Fire       24%        N/A       13%         3
d - Flame Wave            Conj/Fire      37%        2d9       17%         4
e - Scorch                Fire           80%        2d9       3%          2

Your spell library contained the following spells:

 Spells                   Type           Power      Damage    Failure   Level
 Dazzling Flash           Conj/Hex       40%        N/A       16%         3
 Stone Arrow              Conj/Erth      40%        3d9       16%         3
 Iskenderun's Mystic Bla  Conj/Tloc      20%        2d6       45%         4
 Starburst                Conj/Fire      18%        6d7       92%         6
 Lehudib's Crystal Spear  Conj/Erth      10%        10d4      100%        8
 Animate Armour           Summ/Erth      Unusable   N/A       N/A         4

Dungeon Overview and Level Annotations

Branches:
Dungeon (5/15)
 Temple: D:4-7

Altars:
Gozag
Uskayaw


Innate Abilities, Weirdness & Mutations

You cannot wear most types of armour.
You are amphibious.
You can wear up to eight rings at the same time.
Your skin changes colour to match your surroundings (Stealth+).
Your rubbery body absorbs attacks. (AC +1, EV +1)
((You are camouflaged when in or above water. (Stealth+)))
You have tentacles for arms and can constrict up to eight enemies at once.
You are resistant to electric shocks. (rElec)
Your spells are a little harder to cast, but a little more powerful.


Message History

The orc priest hits you with a +0 hand axe of electrocution!
* * * LOW HITPOINT WARNING * * *
It was a potion of curing.
You feel better.
The orc priest mumbles some strange prayers to Beogh against you.
Pain shoots through your body!
It was a potion of attraction.
You feel attractive to monsters.
The orc priest hits you with a +0 hand axe of electrocution.
* * * LOW HITPOINT WARNING * * *
You feel better.
The orc priest invokes the aid of Beogh against you.
Beogh smites you!
* * * LOW HITPOINT WARNING * * *
It was a potion of cancellation.
Your magical effects are unravelling.
You feel magically purged.
You feel less porcine.
The +6 broad axe "Okyrghok" {venom, Int+4} unmelds from your body.
Your ring of positive energy unmelds from your body.
Your ring of protection from cold unmelds from your body.
The +6 broad axe "Okyrghok" {venom, Int+4} begins to drip with poison!
The orc priest hits you with a +0 hand axe of electrocution!
* * * LOW HITPOINT WARNING * * *
You feel less attractive to monsters.
You feel better.
The orc priest hits you with a +0 hand axe of electrocution.
* * * LOW HITPOINT WARNING * * *
Casting: Foxfire (safe; 2% risk of failure)
Confirm with . or Enter, or press ? or * to list all spells.
Okay, then.
Okay, then.
Okay, then.
Casting: Foxfire (safe; 2% risk of failure)
Confirm with . or Enter, or press ? or * to list all spells.
Flames lash the orc priest.
The orc priest is severely wounded.
The orc priest's fire resistance burns away.
The orc priest calls down the wrath of Beogh upon you.
Beogh smites you!
You die...

##..#.### #...o....
#.......# #.§......
#.#...#.# ##§.....$.
#.##..#.# #.........
...#.>..# #.########
...####### #.#### #..
.........## #....# #.#
#.#.##._..# ####o# #.#
#.........######@# #.#####..
###.#####........###........
....# ###..........#####..
##### ####.....####.#
#.........#<).#
#.##......##O.# #####
#<##......##..# ..†.#
####......##.... ....#
#......###.###


You could see an orc priest (combustible).

Vanquished Creatures
  2 ice beasts (D:4)
  A phantom (D:5)
  3 scorpions
  2 howler monkeys (D:4)
  4 hounds
  2 jellies
  Jessica (D:2)
  Terence (D:3)
  Ijyb (D:3)
  Natasha (thrice) (D:2)
  An orc wizard (D:5)
  7 adders
  A white imp (D:3)
  2 worms
  3 dart slugs (D:2)
  4 orcs
  3 ball pythons
  8 endoplasms
  3 giant cockroaches
  12 goblins
  5 hobgoblins
  3 jackals (D:5)
  4 quokkas
  5 bats
  6 frilled lizards
  9 kobolds
  5 rats
101 creatures vanquished.

Vanquished Creatures (collateral kills)
  6 foxfires (D:3)
6 creatures vanquished.

Vanquished Creatures (others)
  422 foxfires
  3 plants (D:3)
425 creatures vanquished.

Grand Total: 532 creatures vanquished

Notes
Turn   | Place    | Note
-------+----------+-------------------------------------------
     0 | D:1      | Conn the Octopode Fire Elementalist began the quest for the
                  | Orb.
     0 | D:1      | Reached XP level 1. HP: 11/11 MP: 3/3
   308 | D:1      | Reached XP level 2. HP: 17/17 MP: 5/5
   961 | D:1      | Found a faded altar of an unknown god.
  1166 | D:1      | Reached XP level 3. HP: 21/21 MP: 3/6
  1861 | D:2      | Noticed Natasha
  1867 | D:2      | Killed Natasha
  1868 | D:2      | Reached XP level 4. HP: 27/27 MP: 2/7
  2045 | D:2      | Noticed Jessica
  2050 | D:2      | Killed Jessica
  2176 | D:2      | Noticed Natasha
  2182 | D:2      | Killed Natasha
  2183 | D:2      | Reached XP level 5. HP: 22/31 MP: 9/9
  2531 | D:2      | Noticed Natasha
  2537 | D:2      | Killed Natasha
  3075 | D:3      | Noticed Ijyb
  3083 | D:3      | Killed Ijyb
  3190 | D:3      | Noticed Terence
  3200 | D:3      | Killed Terence
  3201 | D:3      | Reached skill level 1 in Short Blades
  3278 | D:3      | Reached XP level 6. HP: 36/36 MP: 6/11
  3528 | D:3      | Noticed a +0 falchion
  3528 | D:3      | Noticed a +0 short sword
  3528 | D:3      | Noticed a +0 spear
  3547 | D:3      | Noticed a +0 falchion
  3547 | D:3      | Noticed a +0 dagger
  3548 | D:3      | Noticed a +0 short sword
  3549 | D:3      | Noticed a +0 spear
  3549 | D:3      | Noticed a +0 dagger
  3580 | D:3      | Found a hide-covered altar of Uskayaw.
  3588 | D:3      | Learned a level 2 spell: Scorch
  3592 | D:3      | Learned a level 3 spell: Conjure Flame
  3596 | D:3      | Learned a level 3 spell: Inner Flame
  4256 | D:4      | Noticed an ice beast
  4831 | D:4      | Reached XP level 7. HP: 40/41 MP: 13/13
  5169 | D:5      | Entered Level 5 of the Dungeon
  5175 | D:5      | Reached skill level 5 in Fire Magic
  5181 | D:5      | Found an opulent altar of Gozag.
  5216 | D:5      | Reached skill level 5 in Spellcasting
  5476 | D:5      | Reached XP level 8. HP: 46/46 MP: 8/15
  5477 | D:5      | Reached skill level 5 in Stealth
  5696 | D:5      | Identified the +6 broad axe "Okyrghok" {venom, Int+4}
  5974 | D:4      | Learned a level 4 spell: Flame Wave
  6121 | D:5      | Gained mutation: You are resistant to electric shocks.
                  | (rElec) [potion of mutation]
  6121 | D:5      | Gained mutation: Your spells are a little harder to cast,
                  | but a little more powerful. [potion of mutation]
  6127 | D:5      | Killed from afar by an orc priest

Illustrated notes

Levels and vault maps discovered:
D:1:      lemuel_arrival_rhombus, layout_basic,
          hellmonk_ecumenical_altar_lost_god, minmay_unequal
D:2:      layout_basic, uniq_jessica, uniq_natasha
D:3:      layout_basic, nicolae_uskayaw_en_pointe, serial_bayou,
          serial_bayou_ford_a, serial_bayou_lagoon_a, serial_bayou_pond_b,
          serial_bayou_pond_c, serial_bayou_shore_b, serial_bayou_lagoon_b,
          minmay_box_of_dots, uniq_ijyb, uniq_terence
D:4:      layout_rooms, minmay_temple_entry_from_below_b,
          hangedman_decor_opposing
D:5:      layout_basic, nicolae_gozag_seed_capital

Skill      XL: |  1  2  3  4  5  6  7  8 |
---------------+-------------------------+-----
Stealth        | 3 4 5 |  5.0
Spellcasting   | 3 4 5 |  5.7
Conjurations   | 2 3 4 |  4.1
Short Blades   | 1 |  1.4
Fire Magic     | 4 5 |  5.3
Fighting       | |  0.2
Dodging        | |  2.2

Action                   |  1- 3 |  4- 6 |  7- 9 || total
-------------------------+-------+-------+-------++-------
Melee: Dagger            |    10 |    15 |    10 ||    35
       Unarmed           |     4 |       |     4 ||     8
       Constrict         |     5 |     9 |     2 ||    16
       Tentacles         |     2 |     5 |     4 ||    11
       Punch             |     1 |       |       ||     1
       Rapier            |       |    10 |     1 ||    11
       Broad axe         |       |       |     1 ||     1
 Cast: Foxfire           |    71 |   120 |    48 ||   239
       Scorch            |       |     1 |    10 ||    11
       Flame Wave        |       |       |     1 ||     1
Evoke: Wand              |       |       |     1 ||     1
  Use: Scroll            |       |     1 |       ||     1
       Potion            |       |       |     6 ||     6
 Stab: Sleeping          |     3 |     7 |     2 ||    12
       Distracted        |       |     1 |       ||     1
Armor: Skin              |     4 |     3 |       ||     7
Dodge: Dodged            |    12 |    11 |    15 ||    38

Table legend: (Time is in decaauts)
 A = Elapsed time spent in this place.
 B = Non-inter-level travel time spent in this place.
 C = Inter-level travel time spent in this place.
 D = Time resting spent in this place.
 E = Time spent auto-exploring this place.
 F = Levels seen in this place.
 G = Mean time per level.
                   A        B        C        D        E       F      G
               +--------+--------+--------+--------+--------+-----+--------+
         Total |   6121 |   6042 |     79 |    266 |   4734 |   5 | 1224.2 |
       Dungeon |   6121 |   6042 |     79 |    266 |   4734 |   5 | 1224.2 |
               +--------+--------+--------+--------+--------+-----+--------+

Top non-repeatable levels by time:
     D:1: 1565 daAuts
     D:2: 1456 daAuts
     D:3: 1232 daAuts
     D:4: 1180 daAuts
     D:5: 687 daAuts
